 Dungeon Crawl Stone Soup version 0.21.0-3-g78d12a8 (webtiles) character file.

117 Megalobster the Charmwright (level 5, -1/43 HPs)
             Began as a Gnoll Skald on Jan 17, 2018.
             Slain by Terence
             ... wielding a +0 short sword of electrocution
              (16 damage)
             ... on level 3 of the Dungeon.
             The game lasted 00:08:22 (2856 turns).

Megalobster the Charmwright (Gnoll Skald)           Turns: 2856, Time: 00:08:23

Health: -1/43      AC: 12    Str: 15    XL:     5   Next: 1%
Magic:  12/12      EV:  5    Int: 15    God:
Gold:   73         SH:  8    Dex: 14    Spells: 13/14 levels left

rFire    + . .     SeeInvis .   a - +0 falchion
rCold    + . .     Gourm    .   h - +0 shield
rNeg     . . .     Faith    .   y - +2 chain mail {rC+}
rPois    .         Spirit   .   (no helmet)
rElec    .         Reflect  .   (no cloak)
rCorr    .         Harm     .   s - +0 pair of gloves
MR       .....                  (no boots)
Stlth    ..........             B - amulet of rage
HPRegen  0.14/turn              u - ring of protection from fire
MPRegen  0.13/turn              f - ring of loudness (curse)

@: no status effects
A: distributed training, fangs 1, strong nose
a: Evoke Berserk Rage


You were on level 3 of the Dungeon.
You were not hungry.

You visited 1 branch of the dungeon, and saw 3 of its levels.

You collected 73 gold pieces.

Inventory:

Hand Weapons
 a - a +0 falchion (weapon)
 q - a +2 short sword of flaming
 x - a +0 dagger of venom
 A - a +0 war axe
Missiles
 n - 112 stones (quivered)
Armour
 b - a +0 leather armour
 h - a +0 shield (worn)
 m - a +0 scale mail
 p - a +0 large shield
 s - a +0 pair of gloves (worn)
 w - a +0 ring mail
 y - a +2 chain mail of cold resistance (worn)
Jewellery
 f - a cursed ring of loudness (right hand)
 u - a ring of protection from fire (left hand)
 B - an amulet of rage (around neck)
Scrolls
 e - 3 scrolls of identify {unknown}
 j - a scroll of fog {unknown}
 k - 2 scrolls of enchant weapon {unknown}
 l - 3 scrolls of remove curse {unknown}
 r - a scroll of random uselessness {unknown}
Potions
 g - 3 potions of heal wounds {unknown}
 i - a potion of degeneration {unknown}
 o - a potion of resistance {unknown}
 t - 2 potions of curing {unknown}
 z - a potion of berserk rage {unknown}
Books
 c - a book of Battle

   Spells                             Type                      Level
   a - Infusion                       Charms                       1
   b - Shroud of Golubria             Charms/Translocation         2
   c - Song of Slaying                Charms                       2
   d - Spectral Weapon                Hexes/Charms                 3
   e - Regeneration                   Charms/Necromancy            3
Comestibles
 d - 6 rations
 v - a chunk of flesh


   Skills:
 + Level 4.7 Fighting
 + Level 1.2 Short Blades
 + Level 4.7 Long Blades
 + Level 1.2 Axes
 + Level 1.2 Maces & Flails
 + Level 1.2 Polearms
 + Level 1.2 Staves
 + Level 1.2 Slings
 + Level 1.2 Bows
 + Level 1.2 Crossbows
 + Level 1.2 Throwing
 + Level 2.8 Armour
 + Level 4.7 Dodging
 + Level 1.2 Stealth
 + Level 1.2 Shields
 + Level 1.2 Unarmed Combat
 + Level 5.1 Spellcasting
 + Level 1.0 Conjurations
 + Level 1.0 Hexes
 + Level 5.5 Charms
 + Level 1.0 Summonings
 + Level 1.0 Necromancy
 + Level 1.0 Translocations
 + Level 1.0 Transmutations
 + Level 1.0 Fire Magic
 + Level 1.0 Ice Magic
 + Level 1.0 Air Magic
 + Level 1.0 Earth Magic
 + Level 1.0 Poison Magic
 + Level 1.4 Invocations
 + Level 1.2 Evocations


You had 13 spell levels left.
You knew the following spells:

 Your Spells              Type           Power        Failure   Level  Hunger
a - Infusion              Chrm           ###.         91%         1    None


Dungeon Overview and Level Annotations

Branches:
Dungeon (3/15)

Altars:
Wu Jian
Xom
Yredelemnul
Zin

Annotations:
D:3 Terence


Innate Abilities, Weirdness & Mutations

Your experience applies equally to all skills.
You have very sharp teeth.
Your uncanny sense of smell can sniff out nearby items.


Message History

Your shield and chain mail prevent you from hitting Terence.
Terence is heavily wounded.
Terence barely misses you.
Terence hits you with a short sword of electrocution.
You are electrocuted!
You take 13 damage, and have 15/43 hp.
MASSIVE DAMAGE!!
You closely miss Terence.
Terence is heavily wounded.
Terence looks scornfully at you.
Terence hits you with a short sword of electrocution.
Terence hits you but does no damage.
You take 1 damage, and have 14/43 hp.
You hit Terence.
Terence is severely wounded.
You block Terence's attack. x2
You completely miss Terence.
Terence is severely wounded.
Terence hits you but does no damage.
You are electrocuted!
You die...

###### .....# .....#
####.#
####.###################
##..............@@......
##.#.##########.#######.
##.#.# #...# .....#
#.....# .....# ##...##
##.####### ##.##
#.......# #.# #######.#
#.# #.#


You could see Terence.

Vanquished Creatures
  An orc wizard (D:3)
  An adder (D:2)
  2 worms (D:2)
  A dart slug (D:1)
  2 leopard geckos
  4 orcs (D:3)
  3 giant cockroaches (D:1)
  4 goblins
  5 hobgoblins
  11 jackals
  3 bats
  4 frilled lizards
  2 gnoll zombies (D:2)
  9 kobolds
  A quokka skeleton (D:2)
  8 rats
61 creatures vanquished.

Notes
Turn   | Place    | Note
-------+----------+-------------------------------------------
     0 | D:1      | Megalobster the Gnoll Skald began the quest for the Orb.
     0 | D:1      | Reached XP level 1. HP: 20/20 MP: 6/6
   330 | D:1      | Reached XP level 2. HP: 16/26 MP: 7/7
  1109 | D:2      | Reached XP level 3. HP: 31/31 MP: 9/9
  1162 | D:2      | Reached skill level 5 in Spellcasting
  1198 | D:2      | Reached skill level 1 in Invocations
  1321 | D:2      | Found an ornate altar of the Wu Jian Council.
  1456 | D:2      | Reached skill level 1 in Short Blades
  1456 | D:2      | Reached skill level 1 in Axes
  1456 | D:2      | Reached skill level 1 in Maces & Flails
  1456 | D:2      | Reached skill level 1 in Polearms
  1456 | D:2      | Reached skill level 1 in Staves
  1456 | D:2      | Reached skill level 1 in Slings
  1456 | D:2      | Reached skill level 1 in Bows
  1456 | D:2      | Reached skill level 1 in Crossbows
  1456 | D:2      | Reached skill level 1 in Throwing
  1456 | D:2      | Reached skill level 1 in Stealth
  1456 | D:2      | Reached skill level 1 in Shields
  1456 | D:2      | Reached skill level 1 in Unarmed Combat
  1456 | D:2      | Reached skill level 1 in Evocations
  1601 | D:2      | Found a basalt altar of Yredelemnul.
  1818 | D:2      | Reached XP level 4. HP: 38/38 MP: 11/11
  1882 | D:2      | Found a shimmering altar of Xom.
  1884 | D:2      | Found a basalt altar of Yredelemnul.
  1884 | D:2      | Found a white marble altar of Elyvilon.
  1886 | D:2      | Found a glowing golden altar of the Shining One.
  1886 | D:2      | Found a shadowy altar of Dithmenos.
  1886 | D:2      | Found an opulent altar of Gozag.
  1991 | D:2      | Found a glowing silver altar of Zin.
  2357 | D:3      | Reached skill level 1 in Conjurations
  2357 | D:3      | Reached skill level 1 in Hexes
  2357 | D:3      | Reached skill level 1 in Summonings
  2357 | D:3      | Reached skill level 1 in Necromancy
  2357 | D:3      | Reached skill level 1 in Translocations
  2357 | D:3      | Reached skill level 1 in Transmutations
  2357 | D:3      | Reached skill level 1 in Fire Magic
  2357 | D:3      | Reached skill level 1 in Ice Magic
  2357 | D:3      | Reached skill level 1 in Air Magic
  2357 | D:3      | Reached skill level 1 in Earth Magic
  2357 | D:3      | Reached skill level 1 in Poison Magic
  2695 | D:3      | Reached XP level 5. HP: 39/43 MP: 12/12
  2839 | D:3      | Noticed Terence
  2856 | D:3      | Slain by Terence

Skill      XL: |  1  2  3  4 |
---------------+-------------+-----
Spellcasting   | 5 |  5.1
Invocations    | 1 |  1.4
Short Blades   | 1 |  1.2
Axes           | 1 |  1.2
Maces & Flails | 1 |  1.2
Polearms       | 1 |  1.2
Staves         | 1 |  1.2
Slings         | 1 |  1.2
Bows           | 1 |  1.2
Crossbows      | 1 |  1.2
Throwing       | 1 |  1.2
Stealth        | 1 |  1.2
Shields        | 1 |  1.2
Unarmed Combat | 1 |  1.2
Evocations     | 1 |  1.2
Conjurations   | 1 |  1.0
Hexes          | 1 |  1.0
Summonings     | 1 |  1.0
Necromancy     | 1 |  1.0
Translocations | 1 |  1.0
Transmutations | 1 |  1.0
Fire Magic     | 1 |  1.0
Ice Magic      | 1 |  1.0
Air Magic      | 1 |  1.0
Earth Magic    | 1 |  1.0
Poison Magic   | 1 |  1.0
Fighting       | |  4.7
Long Blades    | |  4.7
Armour         | |  2.8
Dodging        | |  4.7
Charms         | |  5.5

Action                   |  1- 3 |  4- 6 || total
-------------------------+-------+-------++-------
Melee: Falchion          |   136 |    79 ||   215
       Bite              |    15 |    12 ||    27
Throw: Stone             |    21 |       ||    21
  Eat: Chunk             |     2 |     1 ||     3
       Ration            |     1 |       ||     1
Armor: Leather armour    |     7 |       ||     7
       Scale mail        |    28 |     9 ||    37
       Chain mail        |       |    22 ||    22
Dodge: Dodged            |    79 |    26 ||   105
Block: Shield            |       |    25 ||    25
       Rpst.: Falchion   |    29 |    11 ||    40
